 Dungeon Crawl Stone Soup version 0.30-a0-390-g80c34de65d (webtiles) character file.

Game seed: 17429543764447362921

3150 pokeman the Thaumaturge (level 9, -3/48 HPs)
             Began as a Deep Elf Hedge Wizard on Dec 4, 2022.
             Was an Initiate of Vehumet.
             Slain by an orc warrior
             ... wielding a +0 war axe
              (9 damage)
             ... in a bailey.
             The game lasted 00:19:27 (7212 turns).

pokeman the Thaumaturge (Deep Elf Hedge Wizard)     Turns: 7212, Time: 00:19:28

Health: -3/48      AC: 11    Str: 13    XL:     9   Next: 62%
Magic:  0/26       EV: 12    Int: 24    God:    Vehumet [......]
Gold:   397        SH:  0    Dex: 12    Spells: 20/31 levels left

rFire   + . .      SeeInvis .    B - +7 short sword of Interdependent Arising {flame, rElec rF+ Dex-2}
rCold   . . .      Faith    .    (no shield)
rNeg    . . .      Spirit   .    w - +0 leather armour
rPois   .          Reflect  .    t - +2 helmet
rElec   +          Harm     .    r - +1 cloak
rCorr   +          Rampage  .    A - +2 pair of gloves
Will    .....                    (no boots)
Stlth   ++........               (no amulet)
HPRegen 0.28/turn                l - ring of resist corrosion
MPRegen 0.20/turn                E - +6 ring of strength

@: no status effects
A: no striking features
a: Renounce Religion


You were in a bailey.
You worshipped Vehumet.
Vehumet was noncommittal.
You visited 2 branches of the dungeon, and saw 8 of its levels.
You also visited: Bailey.

You collected 397 gold pieces.

Inventory:

Hand Weapons
 g - a +0 shortbow
 B - the +7 short sword of Interdependent Arising (weapon) {flame, rElec rF+ Dex-2}
   (You found it on level 4 of the Dungeon)

   It burns those it strikes, dealing additional fire damage.
   Dex:       It affects your dexterity (-2).
   rF:        It protects you from fire.
   rElec:     It insulates you from electricity.
Missiles
 G - 6 curare-tipped darts
Armour
 h - a scarf of repulsion
 i - a +0 buckler
 r - a +1 cloak (worn)
 t - a +2 helmet (worn)
 w - a +0 leather armour (worn)
 A - a +2 pair of gloves (worn)
Magical Staves
 y - a staff of air
Jewellery
 f - a ring of positive energy
 l - a ring of resist corrosion (left hand)
 E - a +6 ring of strength (right hand)
Wands
 q - a wand of roots (15)
 D - a wand of polymorph (8)
Scrolls
 a - a scroll of enchant weapon {unknown}
 b - a scroll of blinking {unknown}
 j - a scroll of butterflies {unknown}
 m - 3 scrolls of identify {unknown}
 o - a scroll of poison {unknown}
 v - 2 scrolls of fear {unknown}
 x - 2 scrolls of immolation {unknown}
 F - a scroll of torment {unknown}
Potions
 c - a potion of cancellation {unknown}
 d - 4 potions of magic
 e - 3 potions of brilliance {unknown}
 k - a potion of curing {unknown}
 n - a potion of might {unknown}
 p - 4 potions of heal wounds {unknown}
 s - a potion of lignification {unknown}
 u - 3 potions of attraction {unknown}
 z - 2 potions of mutation {unknown}
 C - a potion of resistance {unknown}


   Skills:
 - Level 2.0 Fighting
 + Level 2.6 Armour
 - Level 3.0 Dodging
 - Level 3.0 Stealth
 - Level 3.0 Shields
 * Level 11.9 Spellcasting
 + Level 6.6 Conjurations
 + Level 5.5 Summonings
 - Level 1.1 Translocations
 - Level 1.0 Air Magic
 - Level 1.0 Earth Magic
 - Level 1.3 Poison Magic
 - Level 1.0 Evocations


You had 20 spell levels left.
You knew the following spells:

 Your Spells              Type           Power      Damage    Failure   Level
a - Magic Dart            Conj           100%       1d8       1%          1
b - Mephitic Cloud        Conj/Pois/Air  28%        N/A       4%          3
c - Call Imp              Summ           41%        N/A       1%          2
d - Blink                 Tloc           38%        N/A       5%          2
e - Stone Arrow           Conj/Erth      64%        3d11      3%          3

Your spell library contained the following spells:

 Spells                   Type           Power      Damage    Failure   Level
 Shock                    Conj/Air       100%       1d9       1%          1
 Sandblast                Erth           38%        2d10      3%          1
 Slow                     Hex            56%        N/A       5%          1
 Cigotuvi's Dreadful Rot  Necr/Pois/Air  36%        N/A       6%          2
 Passwall                 Tmut/Erth      13%        N/A       7%          2


Dungeon Overview and Level Annotations

Branches:
Dungeon (7/15)             Temple (1/1) D:4          Bailey (1/1)

Altars:
Ashenzari
Cheibriados
Dithmenos
Elyvilon
Fedhas
Gozag
Hepliaklqana
Kikubaaqudgha
Nemelex Xobeh
Okawaru
Qazlal
Ru
Sif Muna
Trog
Uskayaw
Vehumet
Wu Jian
Yredelemnul
Zin
The Shining One

Shops:
D:4 *


Message History

The orc warrior appears confused.
The orc warrior says, "I'm a little confused."
Unknown command.
The orc warrior hits you with a +0 war axe.
The orc warrior closely misses you.
You barely miss the orc warrior.
The orc warrior is heavily wounded.
The orc warrior hits you with a +0 war axe.
You hit the orc warrior. You burn the orc warrior.
The orc warrior is heavily wounded.
The orc warrior closely misses you.
You hit the orc warrior. You burn the orc warrior.
The orc warrior is severely wounded.
The orc warrior seems less confused.
The orc warrior hits you with a +0 war axe.
You barely miss the orc warrior.
The orc warrior is severely wounded.
The orc warrior barely misses you.
You hit the orc warrior. You burn the orc warrior.
The orc warrior is severely wounded.
The orc warrior hits you with a +0 war axe!
* * * LOW HITPOINT WARNING * * *
The orc warrior throws an atropa-tipped dart.
The atropa-tipped dart barely misses you.
Casting: Mephitic Cloud (dangerous; 4% risk of failure)
Confirm with . or Enter, or press ? or * to list all spells.
Aiming: Mephitic Cloud (dangerous; 4% risk of failure)
Press: ? - help, Shift-Dir - straight line, f - orc warrior
Aim: an orc warrior, wielding a +0 war axe, wearing a +0 scale mail and quivering atropa-tipped darts (severely wounded, chance to affect: 81%)
The ball explodes into a vile cloud!
The stinking cloud engulfs the orc warrior but does no damage.
The orc warrior is severely wounded.
The orc warrior is engulfed in noxious fumes.
Unknown command.
You barely miss the orc warrior.
The orc warrior is severely wounded.
The orc warrior is engulfed in noxious fumes.
The orc warrior appears confused.
The orc warrior hits you with a +0 war axe!
You die...

##~.......~##
###~~.......~~#####
. .~~.......~))...#
###~~.......~)###.#
...~~.......~~....#
###~~.......~~###○#
...~~.......~~...○#
###)~.......~~###o#
...~~.......~~..@.#
###~~.......~~###.#
...~~.....(.~~....#
###~~...(...~~#####
##~.(.((..~##
####(..#### #)..#
#.(.# #..)#


You could see an orc warrior (confused).

Vanquished Creatures
  2 orc knights (Bailey)
  Grinder (D:6)
  Menkaure (D:5)
  A black bear (D:6)
  3 orc warriors (Bailey)
  2 ogres
  A phantom (D:6)
  Blork the orc (D:6)
  5 kobold brigands (Bailey)
  A bullfrog (D:6)
  2 necrophages (D:6)
  2 scorpions
  2 howler monkeys (D:5)
  2 orc priests
  5 hounds
  4 orc wizards
  4 gnolls (D:5)
  6 adders
  A shadow imp (D:7)
  A white imp (D:6)
  An ufetubus (D:6)
  3 worms
  3 dart slugs
  11 orcs
  2 endoplasms
  A giant cockroach (D:2)
  10 goblins
  7 hobgoblins
  20 kobolds
  7 quokkas
  6 ball pythons
  7 bats
  A frilled lizard (D:1)
  2 rats (D:1)
128 creatures vanquished.

Vanquished Creatures (collateral kills)
  An iguana (D:4)
  A worm (D:4)
2 creatures vanquished.

Grand Total: 130 creatures vanquished

Notes
Turn   | Place    | Note
-------+----------+-------------------------------------------
     0 | D:1      | pokeman the Deep Elf Hedge Wizard began the quest for the
                  | Orb.
     0 | D:1      | Reached XP level 1. HP: 10/10 MP: 7/7
   368 | D:1      | Reached XP level 2. HP: 16/16 MP: 9/9
   761 | D:1      | Reached skill level 5 in Spellcasting
  1126 | D:2      | Found an ornate altar of the Wu Jian Council.
  1163 | D:2      | Reached XP level 3. HP: 17/20 MP: 11/11
  1167 | D:2      | Learned a level 3 spell: Mephitic Cloud
  1170 | D:2      | Learned a level 2 spell: Call Imp
  1173 | D:2      | Learned a level 2 spell: Blink
  1177 | D:2      | Learned a level 3 spell: Stone Arrow
  1403 | D:2      | Reached skill level 1 in Fighting
  1682 | D:2      | Reached skill level 1 in Armour
  2231 | D:3      | Found a shimmering blue altar of Sif Muna.
  2357 | D:3      | Reached XP level 4. HP: 25/25 MP: 2/13
  2372 | D:3      | Got Sif Muna's Directory of Air
  3219 | D:3      | Found a snail-covered altar of Cheibriados.
  3258 | D:4      | Found Doakluwuej's Assorted Antiques.
  3296 | D:4      | Reached skill level 1 in Shields
  3296 | D:4      | Reached skill level 6 in Spellcasting
  3296 | D:4      | Reached XP level 5. HP: 22/29 MP: 5/15
  3384 | D:4      | Identified the +7 short sword of Interdependent Arising
                  | {flame, rElec rF+ Dex-2}
  3397 | D:4      | Found a staircase to the Ecumenical Temple.
  3405 | Temple   | Entered the Ecumenical Temple
  3648 | D:4      | Noticed an ogre
  3735 | D:4      | Reached skill level 1 in Air Magic
  3869 | D:4      | Reached XP level 6. HP: 32/34 MP: 15/17
  3938 | D:4      | Found a broken altar of Ashenzari.
  3973 | D:4      | Reached skill level 1 in Evocations
  4051 | D:4      | You fall into a shaft and drop 1 floor!
  4051 | D:5      | Entered Level 5 of the Dungeon
  4160 | D:5      | Reached skill level 7 in Spellcasting
  4160 | D:5      | Reached skill level 1 in Earth Magic
  4212 | D:5      | Noticed Menkaure
  4356 | D:5      | Killed Menkaure
  4357 | D:5      | Reached skill level 1 in Poison Magic
  4619 | D:5      | Reached XP level 7. HP: 38/38 MP: 15/20
  4857 | D:4      | Reached skill level 8 in Spellcasting
  5669 | D:6      | Reached XP level 8. HP: 40/44 MP: 8/22
  5799 | D:6      | Reached skill level 9 in Spellcasting
  5799 | D:6      | Noticed Blork the orc
  5920 | D:6      | Paralysed by Blork the orc for 4 turns
  5926 | D:6      | Killed Blork the orc
  6175 | D:6      | Noticed Grinder
  6193 | D:6      | Paralysed by Grinder for 3 turns
  6203 | D:6      | Paralysed by Grinder for 2 turns
  6209 | D:6      | Killed Grinder
  6210 | D:6      | Reached skill level 5 in Conjurations
  6266 | D:6      | Reached skill level 10 in Spellcasting
  6482 | D:6      | Found a radiant altar of Vehumet.
  6492 | D:6      | Became a worshipper of Vehumet
  6680 | D:7      | Found a flagged portal.
  6685 | Bailey   | Entered a bailey
  6897 | Bailey   | Noticed an orc knight
  6924 | Bailey   | Killed an orc knight
  6925 | Bailey   | Reached skill level 11 in Spellcasting
  6925 | Bailey   | Reached XP level 9. HP: 48/48 MP: 1/26
  7107 | Bailey   | Noticed an orc knight
  7157 | Bailey   | Reached skill level 5 in Summonings
  7184 | Bailey   | Killed an orc knight
  7212 | Bailey   | Slain by an orc warrior

Illustrated notes

Levels and vault maps discovered:
D:1:      amcnicky_arrival_abandoned_market, layout_loops_ring, st_stairs_10,
          serial_bayou_crossing
D:2:      kb_forest_paths, layout_basic, basic_altar
D:3:      layout_basic, led_sif_book, mainiacjoe_overflow_brackets,
          hangedman_decor_points
D:4:      layout_loops_ring, nicolae_ashenzari_skybound,
          minmay_temple_entry_gardened_gates, serial_shops,
          nicolae_stop_n_shop_1, minmay_misc_feat_room
D:5:      layout_loops_ring, uniq_menkaure
D:6:      layout_cave_pools, mainiacjoe_overflow_chevrons, uniq_blork_the_orc,
          uniq_grinder
D:7:      layout_basic, mainiacjoe_overflow_24_doors, enter_bailey_3,
          uniq_crazy_yiuf_cottage
Temple:   nicolae_temple_x_marks_the_god
Bailey:   bailey_axe_3, bailey

Skill      XL: |  1  2  3  4  5  6  7  8  9 |
---------------+----------------------------+-----
Spellcasting   | 5 6 7 8 11 | 11.9
Fighting       | 1 2 |  2.0
Armour         | 1 2 |  2.6
Conjurations   | 2 3 4 6 |  6.6
Dodging        | 3 |  3.0
Shields        | 1 2 3 |  3.0
Stealth        | 3 |  3.0
Air Magic      | 1 |  1.0
Evocations     | 1 |  1.0
Earth Magic    | 1 |  1.0
Poison Magic   | 1 |  1.3
Summonings     | 2 4 5 |  5.5
Translocations | |  1.1

Action                   |  1- 3 |  4- 6 |  7- 9 || total
-------------------------+-------+-------+-------++-------
Melee: Short sword       |       |       |    43 ||    43
       Punch             |       |       |     3 ||     3
 Fire: Shortbow          |    70 |    43 |     4 ||   117
 Cast: Magic Dart        |    55 |    84 |    75 ||   214
       Mephitic Cloud    |     2 |     5 |    18 ||    25
       Blink             |       |     5 |     2 ||     7
       Call Imp          |       |     6 |       ||     6
       Stone Arrow       |       |     1 |    43 ||    44
Evoke: Wand              |       |       |     1 ||     1
 Stab: Confused          |       |       |     3 ||     3
Armor: Robe              |     5 |       |       ||     5
       Leather armour    |       |    15 |    16 ||    31
Dodge: Dodged            |    17 |    27 |    37 ||    81

Table legend: (Time is in decaauts)
 A = Elapsed time spent in this place.
 B = Non-inter-level travel time spent in this place.
 C = Inter-level travel time spent in this place.
 D = Time resting spent in this place.
 E = Time spent auto-exploring this place.
 F = Levels seen in this place.
 G = Mean time per level.
                   A        B        C        D        E       F      G
               +--------+--------+--------+--------+--------+-----+--------+
         Total |   7287 |   7079 |    208 |    689 |   5048 |   9 |  809.7 |
       Dungeon |   6693 |   6492 |    201 |    430 |   4951 |   7 |  956.1 |
        Temple |     58 |     51 |      7 |      0 |     46 |   1 |   58.0 |
        Bailey |    535 |    535 |      0 |    259 |     50 |   1 |  535.0 |
               +--------+--------+--------+--------+--------+-----+--------+

Top non-repeatable levels by time:
     D:3: 1378 daAuts
     D:5: 1301 daAuts
     D:1: 1047 daAuts
     D:2: 968 daAuts
     D:4: 935 daAuts
     D:6: 933 daAuts
  Bailey: 535 daAuts
     D:7: 128 daAuts
  Temple: 58 daAuts
